cohdb
Replays
Latest Replays
All Replays
Popular Replays
Top Player Replays
Match Explorer
How It Works
Community
CoH3 Stats
Reddit
Sign in to upload your games and track your stats! →
Sign in with Steam
Match 41327946
Unlisted
Match 41327946
Overview
Messages
Build Orders
End
Pioneer Squad
Selects Italian Coastal Battlegroup
Selects Coastal Reserves
Coastal Reserve
Construct Infanterie Kompanie
Kettenkrad Recon Vehicle
Grenadier Squad
Coastal Reserve
Construct Panzergrenadier Kompanie
Selects Designate Defensive Line
251 Medium Carrier
Medical Bunker
Pak 40 Anti-tank Gun Team
Support Elements
StuG III G Assault Gun
Selects Rapid Fortifications
Selects Bulwark
Selects Artillery Officer
Rapid Fortifications
MG 42 Bunker
Coastal Reserve
Panzergrenadier Squad
Rapid Fortifications
MG 42 Bunker
Selects Coastal Wall
Rapid Fortifications
MG 42 Bunker
Pioneer Squad
Rapid Fortifications
MG 42 Bunker
Franksalot
Bootyquake
0
0
Comments
sign in to comment!
No comments posted yet!